 Dungeon Crawl Stone Soup version 0.18-a0-846-g91b95b1 (webtiles) character file.

2694 tof the Protected (level 9, -2/86 HPs)
             Began as a Minotaur Monk on Dec 20, 2015.
             Was a High Priest of Elyvilon.
             Slain by an orc warrior
             ... wielding a +0 spear
              (5 damage)
             ... in a bailey.
             The game lasted 00:50:48 (8742 turns).

tof the Protected (Minotaur Monk)                   Turns: 8742, Time: 00:50:49

Health: -2/86      AC: 15    Str: 15    XL:     9   Next: 38%
Magic:  8/8        EV: 11    Int:  5    God:    Elyvilon [*****.]
Gold:   407        SH: 15    Dex: 17    Spells: 0 memorised, 8 levels left

rFire  + . .     SeeInvis +     C - +1 mace (crush)
rCold  . . .     Gourm    .     v - +2 ring mail {rPois}
rNeg   . . .     Faith    .     F - +0 large shield
rPois  +         Spirit   .     (helmet restricted)
rElec  +         Dismiss  .     (no cloak)
rCorr  .         Reflect  +     z - +0 pair of gloves
SustAt .         Harm     .     (no boots)
MR     .....                    I - +3 amulet of reflection
Stlth  ++........               J - ring of see invisible
                                B - +5 ring of protection

@: drained, not resistant to hostile enchantments, unstealthy
A: retaliatory headbutt, horns 2, blink, dopey 1, fire resistance 1, robust 1,
electricity resistance, wild magic 1
a: Blink, Lesser Healing, Heal Other, Purification, Greater Healing, Divine
Vigour, Divine Protection, Renounce Religion


You were in a bailey.
You worshipped Elyvilon.
Elyvilon was extremely pleased with you.
You were full.

You visited 1 branch of the dungeon, and saw 8 of its levels.
You also visited: Bailey.

You collected 407 gold pieces.

Inventory:

Hand Weapons
 i - a +1 dagger of electrocution
 u - a +0 hand axe of chopping
 y - a +0 flail of protection
 C - a +1 mace of crushing (weapon)
Armour
 a - a +0 robe
 d - a +0 ring mail
 p - a +0 buckler
 v - a +2 ring mail of poison resistance (worn)
 z - a +0 pair of gloves (worn)
 F - a +0 large shield (worn)
Jewellery
 c - an uncursed amulet of guardian spirit
 j - an uncursed amulet of faith
 s - an uncursed ring of magical power
 B - a +5 ring of protection (left hand)
 D - an uncursed ring of protection from cold
 I - a +3 amulet of reflection (around neck)
 J - a ring of see invisible (right hand)
 K - a cursed ring of loudness {unknown}
Wands
 o - a wand of paralysis (9/24)
 w - a wand of disintegration (18/24)
Scrolls
 e - a scroll of fear
 g - 3 scrolls of recharging
 l - a scroll of amnesia
 q - a scroll of remove curse
 H - a scroll of enchant armour
Potions
 f - 2 potions of poison
 h - a potion of flight {unknown}
 m - 4 potions of curing
 n - 2 potions of haste
 x - a potion of berserk rage
 A - a potion of degeneration {unknown}
 E - 2 potions of brilliance
 G - a potion of mutation
Books
 r - a book of Alchemy

   Spells                             Type                      Level
   a - Sublimation of Blood           Necromancy                   2
   b - Ignite Poison                  Fire/Transmutation/Poison    3
   c - Alistair's Intoxication        Transmutation/Poison         4
   d - Condensation Shield            Ice                          4
   e - Petrify                        Transmutation/Earth          4
   f - Irradiate                      Conjuration/Transmutation    5
Comestibles
 b - 6 bread rations
 k - 4 fruits
 t - 3 meat rations


   Skills:
 * Level 7.1(6.7) Fighting
 + Level 1.4(1.0) Short Blades
 + Level 1.0(2.5) Axes
 + Level 4.3(4.0) Maces & Flails
 * Level 8.6(8.1) Armour
 + Level 8.2(7.8) Dodging
 + Level 3.1(2.7) Stealth
 + Level 2.6(2.3) Shields
 + Level 5.0(4.5) Unarmed Combat


You had 8 spell levels left.
You didn't know any spells.

Dungeon Overview and Level Annotations

Branches:
Dungeon (8/15)             Temple (0/1) D:7
   Lair: D:8-11

Altars:
Cheibriados
Elyvilon
Fedhas
Gozag
Kikubaaqudgha
Makhleb
Pakellas
Qazlal
Ru
Sif Muna
Vehumet
Xom
Zin
The Shining One

Shops:
D:7 :


Innate Abilities, Weirdness & Mutations

You reflexively headbutt those who attack you in melee.
You have a pair of horns on your head.
You can translocate small distances at will.
You are dopey. (Int -2)
Your flesh is heat resistant.
You are robust (+10% HP).
You are resistant to electric shocks.
Your spells are a little harder to cast, but a little more powerful.


Message History

The orc hits you but does no damage. The orc warrior misses you.
The orc warrior hits you but does no damage.
You completely miss the orc warrior. You headbutt the orc warrior.
You kill the orc warrior!
You block the orc's attack. The orc warrior misses you.
You block the orc's attack. The orc warrior hits you with a spear!
* * * LOW HITPOINT WARNING * * *
Things that are here:
a falchion of holy wrath a distressingly furry gold dragon armour You hit the orc warrior but do no damage.
You headbutt the orc warrior.
The orc warrior is lightly wounded.
The orc warrior closely misses you. You furiously retaliate!
You headbutt the orc warrior. The orc barely misses you.
The orc warrior closely misses you. The orc barely misses you.
You hit the orc warrior. Your headbutt misses the orc warrior.
The orc warrior is heavily wounded.
The orc warrior hits you with a spear.
You die...

≈ #'#..≈≈.∩# ≈.
#'#..≈≈.##
.'#.##..≈≈.#
#...##.)≈.#
#....o##.≈.#
##########.≈.#
##.........o≈.# #
##..≈≈≈≈≈≈≈≈≈≈.# ##
##..≈≈......o@..#
)###..≈≈..##########
.))).≈≈..##
≈≈≈≈≈≈..## ......o##
########


You could see an orc warrior and 2 orcs.

Vanquished Creatures
  Menkaure (D:5)
  4 orc warriors
  Duvessa (D:7)
  2 sky beasts
  2 phantoms
  3 ogres
  The ghost of Charly the Ruffian, an amateur VSTm of Cheibriados (D:7)
  A giant frog (D:6)
  Dowan (D:7)
  A water moccasin zombie (D:6)
  2 scorpions
  2 crimson imps
  2 vampire bats (D:5)
  5 hounds
  2 orc priests
  2 giant frog skeletons
  4 orc wizards
  A centaur skeleton (D:4)
  An iguana (D:6)
  8 worker ants
  A killer bee zombie (D:6)
  A hound skeleton (D:4)
  2 worker ant zombies
  12 adders
  5 gnolls
  2 shadow imps
  An ooze (D:4)
  3 worms
  2 adder skeletons
  2 giant geckos
  26 orcs
  4 ball pythons
  6 bats
  4 bat skeletons (D:5)
  3 bat zombies (D:5)
  6 giant cockroaches
  10 hobgoblins
  4 jackals
  3 quokkas
  2 giant gecko skeletons
  4 giant newts
  5 goblins
  8 kobolds
  8 rats
170 creatures vanquished.

Vanquished Creatures (others)
  An orc wizard (D:4)
  An adder (D:2)
2 creatures vanquished.

Grand Total: 172 creatures vanquished

Notes
Turn   | Place    | Note
--------------------------------------------------------------
     0 | D:1      | tof the Minotaur Monk began the quest for the Orb.
     0 | D:1      | Reached XP level 1. HP: 19/19 MP: 0/0
   347 | D:1      | Reached XP level 2. HP: 26/26 MP: 1/1
   900 | D:1      | Reached XP level 3. HP: 33/33 MP: 2/2
   946 | D:2      | Found a radiant altar of Vehumet.
   984 | D:2      | Reached skill level 1 in Armour
   984 | D:2      | Reached XP level 4. HP: 30/40 MP: 0/3
  1316 | D:2      | Found a glowing silver altar of Zin.
  1316 | D:2      | Found a glowing golden altar of the Shining One.
  1316 | D:2      | Found a white marble altar of Elyvilon.
  1342 | D:2      | Became a worshipper of Elyvilon the Healer
  1342 | D:2      | Reached * piety under Elyvilon
  1342 | D:2      | Reached ** piety under Elyvilon
  1536 | D:2      | Found a burning altar of Makhleb.
  1549 | D:2      | Reached skill level 5 in Unarmed Combat
  1650 | D:2      | Reached XP level 5. HP: 46/46 MP: 4/4
  2558 | D:4      | Found a stormy altar of Qazlal.
  2559 | D:4      | Noticed a phantom
  2798 | D:4      | Killed a phantom
  2798 | D:4      | Reached skill level 1 in Short Blades
  2798 | D:4      | Reached XP level 6. HP: 45/52 MP: 5/5
  2905 | D:4      | Reached skill level 5 in Armour
  2930 | D:4      | Reached *** piety under Elyvilon
  3134 | D:4      | Reached skill level 5 in Dodging
  3233 | D:4      | Reached XP level 7. HP: 60/60 MP: 6/6
  3317 | D:4      | Found a sacrificial altar of Ru.
  3515 | D:4      | Found a deep blue altar of Sif Muna.
  3824 | D:4      | Reached skill level 1 in Axes
  3842 | D:4      | Reached skill level 5 in Fighting
  4065 | D:5      | Entered Level 5 of the Dungeon
  4065 | D:5      | Found a glowing silver altar of Zin.
  4085 | D:5      | Reached skill level 1 in Maces & Flails
  4085 | D:5      | Reached skill level 6 in Armour
  4202 | D:5      | Gained mutation: You are dopey. (Int -2) [mutagenic meat]
  4203 | D:5      | Gained mutation: You can translocate small distances at will. [mutagenic meat]
  4204 | D:5      | Gained mutation: Your spells are a little harder to cast, but a little more powerful. [mutagenic meat]
  4205 | D:5      | Gained mutation: You are resistant to electric shocks. [mutagenic meat]
  4206 | D:5      | Gained mutation: Your flesh is heat resistant. [mutagenic meat]
  4310 | D:5      | Noticed Menkaure
  4319 | D:5      | Killed Menkaure
  4319 | D:5      | Reached XP level 8. HP: 22/69 MP: 2/7
  4873 | D:5      | Found an ancient bone altar of Kikubaaqudgha.
  5164 | D:6      | Reached skill level 7 in Armour
  5252 | D:6      | Reached **** piety under Elyvilon
  5735 | D:6      | Found a blossoming altar of Fedhas.
  5973 | D:6      | Reached skill level 8 in Armour
  6039 | D:6      | Reached XP level 9. HP: 69/78 MP: 5/8
  6227 | D:6      | Gained mutation: You are robust (+10% HP). [potion of mutation]
  6229 | D:7      | Noticed Duvessa
  6229 | D:7      | Noticed Charly's ghost (amateur VSTm)
  6231 | D:7      | Noticed Dowan
  6477 | D:7      | Found Keihy's Book Emporium.
  6572 | D:7      | Found a shimmering altar of Xom.
  6953 | D:7      | Killed Charly's ghost
  7009 | D:7      | Killed Duvessa
  7016 | D:7      | Killed Dowan
  7016 | D:7      | Reached skill level 1 in Shields
  7368 | D:7      | Found a staircase to the Ecumenical Temple.
  7401 | D:7      | Found an oddly glowing altar of Pakellas.
  7414 | D:7      | Found a snail-covered altar of Cheibriados.
  7428 | D:7      | Reached ***** piety under Elyvilon
  7612 | D:7      | Found an opulent altar of Gozag.
  7850 | D:8      | Found a flagged portal.
  7859 | Bailey   | Entered a bailey
  8740 | Bailey   | HP: 3/86 [orc warrior/spear (14)]
  8742 | Bailey   | Slain by an orc warrior

Vault maps used:
D:1:      elethiomel_arrival_maze
D:2:      good_gods_mini_temple, fiery_altar_vehumet, makhleb_grotto_becter
D:4:      kennysheep_mini, lemuel_crystal_altar, led_sif_book, first_bread
D:5:      kennysheep_vampire_church, basic_altar, uniq_menkaure
D:6:      lemuel_doored_altar
D:7:      grunt_gozag_breadcrumbs, lemuel_coloured_pillars_altar,
          amethyst_overflow_temple_binary, minmay_temple_entry_hall,
          serial_shops, shop, uniq_duvessa
D:8:      david_lair_generic, enter_bailey_2
Bailey:   bailey_polearm_1, bailey

Action                   |  1- 3 |  4- 6 |  7- 9 || total
-------------------------+-------+-------+-------++-------
Melee: Club              |    21 |       |       ||    21
       Unarmed           |     6 |       |       ||     6
       Dagger            |    38 |    94 |       ||   132
       Hand axe          |       |    73 |       ||    73
       Flail             |       |     3 |    21 ||    24
       Mace              |       |       |   405 ||   405
Invok: Lesser Healing    |       |     2 |     2 ||     4
 Abil: Blink             |       |       |     5 ||     5
Evoke: Wand              |       |       |     4 ||     4
  Use: Scroll            |       |       |    11 ||    11
       Potion            |       |       |     9 ||     9
 Stab: Sleeping          |     2 |     1 |     2 ||     5
       Paralysed         |       |       |     6 ||     6
  Eat: Chunk             |       |     3 |    18 ||    21
       Bread ration      |       |     1 |     2 ||     3
       Beef jerky        |       |       |     2 ||     2
       Pizza             |       |       |     1 ||     1
